 Dungeon Crawl Stone Soup version 0.17.1-3-g152610e (webtiles) character file.

99765 Peloso the Fencer (level 15, -1/138 HPs)
             Began as a Minotaur Fighter on Feb 18, 2016.
             Was the Champion of Okawaru.
             Slain by an eight-headed hydra (2 damage)
             ... on level 8 of the Lair of Beasts.
             The game lasted 01:30:16 (26771 turns).

Peloso the Fencer (Minotaur Fighter)               Turns: 26771, Time: 01:30:17

Health: -1/138     AC: 28    Str: 30    XL:     15   Next: 78%
Magic:  15/15      EV:  2    Int: 17    God:    Okawaru [******]
Gold:   1165       SH:  0    Dex: 12    Spells: 0 memorised, 14 levels left

rFire  . . .     SeeInvis .     w - +7 double sword (drain)
rCold  . . .     Clarity  .     s - +6 scale mail of Gravity {rPois MR+}
rNeg   + + +     SustAt   .     N - +0 shield {reflect}
rPois  ∞         Gourm    .     M - +2 hat
rElec  .         Spirit   .     C - +2 cloak {+Inv}
rCorr  +         Warding  .     p - +0 pair of gloves of Okawaru's Indignation {rPois Int+9}
rMut   .         Stasis   .     J - +0 pair of boots (curse)
MR     ++...                    F - amulet "Liyg" {rCorr Int+3}
Stlth  +.........               k - +5 ring of strength
                                X - +5 ring of protection

@: petrified, very resistant to hostile enchantments, very unstealthy
A: retaliatory headbutt, horns 2
a: Heroism, Finesse, Renounce Religion, Evoke Invisibility


You were on level 8 of the Lair of Beasts.
You worshipped Okawaru.
Okawaru was exalted by your worship.
You were not hungry.

You visited 4 branches of the dungeon, and saw 25 of its levels.
You also visited: Labyrinth.

You collected 1837 gold pieces.
You spent 672 gold pieces at shops.

Inventory:

Hand Weapons
 w - a +7 double sword of draining (weapon)
 z - the +8 dagger of Modesty {speed, +Inv rN+ Dex+3 SInv}
   (You found it on level 11 of the Dungeon)

   Attacks with this weapon are significantly faster.
   It affects your dexterity (+3).
   It protects you from negative energy.
   It lets you see invisible.
   It lets you turn invisible.
 H - a +2 long sword of flaming
 K - a +1 demon blade of draining
 Z - the +3 long sword of Gapioss {slice, rF- rC++ Dex+5}
   (Okawaru gifted it to you on level 8 of the Lair of Beasts)

   It inflicts extra damage upon your enemies.
   It affects your dexterity (+5).
   It makes you vulnerable to fire.
   It greatly protects you from cold.
Armour
 p - the +0 pair of gloves of Okawaru's Indignation (worn) {rPois Int+9}
   (Okawaru gifted it to you on level 15 of the Dungeon)

   It affects your intelligence (+9).
   It protects you from poison.
 s - the +6 scale mail of Gravity (worn) {rPois MR+}
   (You found it on level 6 of the Dungeon)

   It protects you from poison.
   It affects your resistance to hostile enchantments.
 C - a +2 cloak of invisibility (worn)
 J - a cursed +0 pair of boots (worn)
 M - a +2 hat (worn)
 N - a +0 shield of reflection (worn)
Jewellery
 k - a +5 ring of strength (right hand)
 F - the amulet "Liyg" (around neck) {rCorr Int+3}
   (You found it on level 9 of the Dungeon)

   [amulet of resist corrosion]

   It protects you from acid and corrosion.
   It affects your intelligence (+3).
 Q - an uncursed ring of protection from cold
 T - an uncursed ring of protection from cold
 X - a +5 ring of protection (left hand)
Wands
 c - a wand of disintegration (6)
 o - a wand of digging (14)
 E - a wand of invisibility (3)
 O - a wand of frost (15)
 P - a wand of teleportation (1)
 W - a wand of enslavement (10)
 Y - a wand of frost (32)
Scrolls
 g - 11 scrolls of remove curse
 h - 8 scrolls of identify
 i - a scroll of fear
 j - 7 scrolls of enchant armour
 l - 3 scrolls of teleportation
 t - 2 scrolls of amnesia
 y - 2 scrolls of enchant weapon
 L - 2 scrolls of recharging
 U - a scroll of holy word
 V - a scroll of magic mapping
Potions
 a - 3 potions of heal wounds
 f - 2 potions of cancellation
 n - 2 potions of invisibility
 q - a potion of berserk rage
 r - 4 potions of flight
 u - 6 potions of agility
 x - 2 potions of cure mutation
 A - 4 potions of brilliance
 B - 3 potions of haste
 D - 3 potions of curing
 I - 2 potions of might
Books
 G - a book of Battle

   Spells                             Type                      Level
   a - Infusion                       Charms                       1
   b - Shroud of Golubria             Charms/Translocation         2
   c - Song of Slaying                Charms                       2
   d - Spectral Weapon                Hexes/Charms                 3
   e - Regeneration                   Charms/Necromancy            3
Comestibles
 b - 10 royal jellies
 d - 3 slices of pizza
 e - 19 bread rations
 m - 9 meat rations
 v - 24 fruits
 R - a beef jerky
 S - 6 chunks of flesh


   Skills:
 + Level 14.1 Fighting
 + Level 0.7(10.9) Short Blades
 + Level 17.3(17.4) Long Blades
 + Level 12.0 Armour
 + Level 13.3 Dodging
 + Level 2.0 Stealth
 + Level 16.4 Shields
 + Level 1.5 Invocations
 + Level 0.3 Evocations


You had 14 spell levels left.
You didn't know any spells.

Dungeon Overview and Level Annotations

Branches:
Dungeon (15/15) Temple (1/1) D:5 Lair (8/8) D:9 Swamp (0/4) Lair:4 Spider (0/4) Lair:4 Slime (0/6) Lair:8 Orc (1/4) D:9 Vaults (0/5) D:12 D:13 Depths (0/5) D:15

Altars:
Ashenzari
Cheibriados
Dithmenos
Elyvilon
Fedhas
Gozag
Kikubaaqudgha
Makhleb
Nemelex Xobeh
Okawaru
Qazlal
Ru
Sif Muna
Trog
Vehumet
Xom
Yredelemnul
Zin
The Shining One
Jiyva

Shops:
D:8 }(}[   D:13 [


Innate Abilities, Weirdness & Mutations

You reflexively headbutt those who attack you in melee.
You have a pair of horns on your head.


Message History

* * * LOW HITPOINT WARNING * * *
The eight-headed hydra bites you but does no damage. x7
The komodo dragon bites you but does no damage.
The catoblepas gores you but does no damage.
The blink frog blinks!
The eight-headed hydra bites you but does no damage. x3
The eight-headed hydra bites you!
* * * LOW HITPOINT WARNING * * *
The eight-headed hydra bites you but does no damage. x4
The catoblepas breathes a plume of calcifying dust at you.
The blast of calcifying dust hits you!
The blast of calcifying dust hits the spiny frog.
The komodo dragon bites you but does no damage.
You are engulfed in calcifying dust.
The spiny frog is engulfed in calcifying dust.
The eight-headed hydra bites you but does no damage. x3
The eight-headed hydra bites you.
The eight-headed hydra bites you but does no damage.
The eight-headed hydra bites you.
You die...

.#P.##.#.### ##...P.#
.........# ###P#
#..PP.## ..#.....##
#.... ##.....#
####..#### #.... #.....#
# ##.# ..#....
####..P### ### ###
....... ..##....# ..##
.#F#...##S.##...## ...#
......l.YD.###..## ..##
#..HD@#### #...# .##
##.§F..#.# ##..# ##
#####....####.P# .#
#...#.....#....# .##
#.†#......#....## #.# ##
####...#.....##....# ..#
#.##..####.....###...##
.## #.P...#.......P#
#...# .#
##..............###..P##


You could see a catoblepas, an eight-headed hydra, a seven-headed hydra, a
manticore, a komodo dragon, a black mamba, a spiny frog (petrified) and a blink
frog.

Vanquished Creatures
  Rupert (Lair:4)
  Donald (D:12)
  Maud (Lair:7)
  Josephine (Lair:5)
  A minotaur (Lab)
  7 hydras
  A catoblepas (Lair:4)
  The ghost of Grim the Martial Artist, a journeyman DsBe of Trog (D:10)
  2 centaur warriors
  Erica (D:8)
  An ogre mage (D:15)
  A vampire mage (D:15)
  2 tengu warriors (D:15)
  4 death yaks (Lair:3)
  A titan zombie (D:15)
  Nergalle (Lair:1)
  A storm dragon zombie (D:15)
  A wizard (D:14)
  7 skeletal warriors
  2 unseen horrors
  Pikel (D:4)
  4 hill giants
  2 orc knights (D:15)
  A lindwurm (Lair:5)
  A sphinx zombie (D:15)
  A necromancer (D:15)
  5 ugly things
  2 oklob plants
  5 griffons
  2 cyclopes
  2 manticores
  5 elephants
  A salamander (shapeshifter) (D:14)
  5 black mambas
  15 spiny frogs
  2 torpor snails (Lair:8)
  10 komodo dragons
  6 centaur skeletons
  3 gargoyles
  2 fire drakes
  2 trolls
  An efreet (D:13)
  A tengu conjurer (D:13)
  A kobold demonologist (D:11)
  A freezing wraith (D:15)
  A guardian mummy (D:15)
  8 polar bears
  3 two-headed ogres
  An entropy weaver zombie (D:15)
  Prince Ribbit (D:7)
  A trapdoor spider zombie (D:9)
  8 slime creatures
  A boulder beetle (Lair:7)
  4 wyverns
  15 blink frogs
  Sigmund (D:3)
  4 basilisks
  2 deep elf magi
  78 yaks
  8 wraiths
  A shadow (D:15)
  12 hippogriffs
  A hungry ghost (D:14)
  9 wolves
  A vampire (D:14)
  3 wargs (D:15)
  2 hogs (D:8)
  Menkaure (D:4)
  16 humans (D:12)
  15 porcupines
  2 soldier ants
  20 water moccasins
  Duvessa (D:7)
  2 ice beasts (D:11)
  10 orc warriors
  8 black bears
  2 phantoms
  3 sky beasts
  14 ogres
  22 centaurs
  A necrophage (D:8)
  A wasp (D:8)
  17 crocodiles
  25 giant frogs
  2 wyvern zombies
  A gnoll sergeant (D:11)
  Dowan (D:7)
  12 killer bees
  5 scorpions
  4 centaur zombies
  A lava snake (Lair:3)
  9 wights
  8 crimson imps
  2 electric eels
  A giant frog zombie (D:8)
  5 jellies
  A quasit (D:11)
  15 orc wizards
  12 orc priests
  16 worker ants
  A giant frog skeleton (D:9)
  8 hounds
  9 iguanas
  2 hell rats (Lair:2)
  7 sheep (Lair:4)
  A hound skeleton (D:8)
  2 hound zombies
  A worker ant zombie (D:9)
  7 gnolls
  17 adders
  68 river rats
  5 shadow imps
  12 white imps (Lair:4)
  3 oozes
  An adder zombie (D:11)
  5 worms
  2 adder skeletons
  6 giant geckos
  52 orcs
  A ball python (D:2)
  6 giant cockroaches
  11 goblins
  9 hobgoblins
  16 jackals
  8 quokkas
  7 bats
  A giant gecko skeleton (D:5)
  8 giant newts
  A jackal skeleton (D:5)
  6 kobolds
  A quokka zombie (D:5)
  3 rats
  5 fungi
831 creatures vanquished.

Vanquished Creatures (others)
  Nessos (D:14)
  A centaur warrior (D:15)
  A cyclops (D:13)
  3 centaurs
  An orc wizard (D:6)
  5 fungi
  12 plants
24 creatures vanquished.

Grand Total: 855 creatures vanquished

Notes
Turn   | Place    | Note
--------------------------------------------------------------
     0 | D:1      | Peloso the Minotaur Fighter began the quest for the Orb.
     0 | D:1      | Reached XP level 1. HP: 19/19 MP: 0/0
    82 | D:1      | Reached XP level 2. HP: 21/27 MP: 1/1
   488 | D:1      | Reached skill level 4 in Shields
   535 | D:2      | Reached XP level 3. HP: 25/33 MP: 2/2
  1229 | D:2      | Reached skill level 1 in Dodging
  1231 | D:2      | Reached XP level 4. HP: 40/40 MP: 3/3
  1845 | D:3      | Noticed Sigmund
  1858 | D:3      | Killed Sigmund
  1858 | D:3      | Reached skill level 5 in Armour
  1858 | D:3      | Reached skill level 5 in Shields
  1858 | D:3      | Reached XP level 5. HP: 37/47 MP: 4/4
  1884 | D:3      | Reached XP level 6. HP: 38/53 MP: 5/5
  2382 | D:3      | Found a radiant altar of Vehumet.
  2781 | D:4      | Noticed Menkaure
  2787 | D:4      | Killed Menkaure
  2787 | D:4      | Reached skill level 5 in Fighting
  3006 | D:4      | Reached XP level 7. HP: 61/61 MP: 6/6
  3392 | D:4      | Found a sparkling altar of Nemelex Xobeh.
  3451 | D:4      | Noticed Pikel
  3469 | D:4      | Killed Pikel
  3469 | D:4      | Reached skill level 6 in Armour
  3469 | D:4      | Reached XP level 8. HP: 34/68 MP: 7/7
  3663 | D:5      | Entered Level 5 of the Dungeon
  3668 | D:5      | Reached skill level 7 in Armour
  3943 | D:5      | Found a staircase to the Ecumenical Temple.
  3969 | Temple   | Entered the Ecumenical Temple
  4412 | D:5      | Reached skill level 5 in Long Blades
  4419 | D:5      | Reached skill level 5 in Dodging
  4580 | D:6      | Found a blossoming altar of Fedhas.
  5299 | D:6      | Found an iron altar of Okawaru.
  5650 | D:6      | Became a worshipper of Warmaster Okawaru
  5683 | D:6      | Reached skill level 8 in Shields
  5806 | D:6      | Got a scorched scale mail
  5817 | D:6      | Identified the +6 scale mail of Gravity {rPois MR+} (You found it on level 6 of the Dungeon)
  5928 | D:6      | Reached XP level 9. HP: 72/75 MP: 8/8
  6181 | D:6      | Found a shimmering altar of Xom.
  6184 | D:6      | Found an ancient bone altar of Kikubaaqudgha.
  6187 | D:6      | Found a sparkling altar of Nemelex Xobeh.
  6344 | D:7      | Noticed Dowan
  6345 | D:7      | Noticed Duvessa
  6355 | D:7      | Killed Duvessa
  6355 | D:7      | Reached * piety under Okawaru
  6367 | D:7      | Killed Dowan
  6497 | D:7      | Noticed Prince Ribbit
  6511 | D:7      | Killed Prince Ribbit
  6511 | D:7      | Reached skill level 9 in Shields
  7109 | D:7      | Reached ** piety under Okawaru
  7391 | D:8      | Found Lesoicsi's Gadget Boutique.
  7456 | D:8      | Noticed Erica
  7475 | D:8      | Killed Erica
  7475 | D:8      | Reached *** piety under Okawaru
  7475 | D:8      | Reached XP level 10. HP: 21/86 MP: 9/9
  7758 | D:8      | Found Bivarroere's Weapon Boutique.
  7789 | D:8      | Found a huge runed gate.
  7789 | D:8      | Found a huge runed gate.
  7789 | D:8      | Found a huge runed gate.
  7789 | D:8      | Found a huge runed gate.
  7789 | D:8      | Noticed a griffon
  7789 | D:8      | Noticed a griffon
  7818 | D:8      | Reached skill level 10 in Shields
  7853 | D:8      | Killed a griffon
  7860 | D:8      | Killed a griffon
  7860 | D:8      | Reached **** piety under Okawaru
  7975 | D:8      | Reached ***** piety under Okawaru
  8190 | D:8      | Reached XP level 11. HP: 81/95 MP: 10/10
  8269 | D:8      | Found a sacrificial altar of Ru.
  8358 | D:8      | Found Ymusa's Antique Armour Shop.
  8543 | D:8      | Found Jepsuwet's Gadget Shoppe.
  8827 | D:9      | Found a snail-covered altar of Cheibriados.
  9009 | D:9      | Got a sparkling silver amulet
  9010 | D:9      | Identified the amulet "Liyg" {rCorr Int+3} (You found it on level 9 of the Dungeon)
  9103 | D:9      | Got a dazzling flail
  9119 | D:9      | Reached skill level 10 in Long Blades
  9158 | D:9      | Reached skill level 11 in Shields
  9183 | D:9      | Found a staircase to the Lair.
  9379 | D:9      | Found a staircase to the Orcish Mines.
  9643 | Orc:1    | Entered Level 1 of the Orcish Mines
  9780 | D:8      | Identified the +4 flail of Corruption {speed, MR- MP+9 Dex+4 Stlth+} (You found it on level 9 of the Dungeon)
  9813 | D:8      | Bought a steaming plate armour for 672 gold pieces
  9824 | D:8      | Identified the +6 plate armour "Wiotehus" {*Corrode rPois rN+ Stlth+} (You bought it in a shop on level 8 of the Dungeon)
  9927 | D:10     | Entered Level 10 of the Dungeon
  9927 | D:10     | Noticed an eight-headed hydra
  9938 | D:10     | Killed a three-headed hydra
  9951 | D:10     | Received a gift from Okawaru
 10073 | D:10     | Reached ****** piety under Okawaru
 10105 | D:10     | Noticed Grim's ghost (journeyman DsBe)
 10118 | D:10     | Killed Grim's ghost
 10453 | D:10     | Killed an unseen horror
 10453 | D:10     | Reached skill level 10 in Armour
 10995 | D:11     | Noticed a sun demon
 11011 | D:11     | Received a gift from Okawaru
 11011 | D:11     | Reached skill level 10 in Fighting
 11207 | D:11     | Reached XP level 12. HP: 92/106 MP: 11/11
 11224 | D:11     | Noticed a centaur warrior
 11233 | D:11     | Killed a centaur warrior
 11350 | D:11     | Reached skill level 12 in Shields
 11357 | D:11     | Got a brightly glowing dagger
 11358 | D:11     | Identified the +8 dagger of Modesty {speed, +Inv rN+ Dex+3 SInv} (You found it on level 11 of the Dungeon)
 11372 | D:11     | Noticed a hill giant
 11394 | D:11     | Killed a hill giant
 11450 | D:11     | Noticed an unseen horror
 11460 | D:11     | Killed an unseen horror
 11483 | D:11     | Reached skill level 10 in Dodging
 11543 | D:11     | Received a gift from Okawaru
 11974 | D:11     | Found a sacrificial altar of Ru.
 12144 | D:12     | Found a glowing golden altar of the Shining One.
 13070 | D:13     | Found a gate to the Vaults.
 13070 | D:13     | Noticed Donald
 13190 | D:12     | Reached skill level 13 in Long Blades
 13204 | D:12     | Killed Donald
 13204 | D:12     | Reached skill level 1 in Invocations
 13518 | D:12     | Reached XP level 13. HP: 55/116 MP: 12/12
 13670 | D:12     | Received a gift from Okawaru
 14618 | D:13     | Reached skill level 1 in Stealth
 14680 | D:13     | Found Ruahay's Armour Shoppe.
 14919 | D:14     | Found a labyrinth entrance.
 14948 | Lab      | Entered a labyrinth
 15525 | D:14     | Got a smelly plate armour
 15536 | D:14     | Identified the cursed +0 plate armour "Baxajan" {Dex+2} (You found it on level 14 of the Dungeon)
 15673 | D:14     | Noticed Nessos
 15687 | D:14     | Killed Nessos
 15687 | D:14     | Reached skill level 14 in Long Blades
 16663 | D:15     | Entered Level 15 of the Dungeon
 16724 | D:15     | Got a sapphire-encrusted chain mail
 16735 | D:15     | Identified the cursed +1 chain mail of the Orcish Mines {+Inv Dex+5} (You found it on level 15 of the Dungeon)
 16827 | D:15     | Found a staircase to the Depths.
 16981 | D:15     | Received a gift from Okawaru
 17539 | D:15     | Reached XP level 14. HP: 20/126 MP: 14/14
 17609 | D:15     | HP: 4/126 [acid (5)]
 18061 | D:15     | Received a gift from Okawaru
 18072 | D:15     | Reached skill level 15 in Long Blades
 18452 | D:15     | Got a pair of scorched gloves {god gift}
 18467 | D:15     | Identified the +0 pair of gloves of Okawaru's Indignation {rPois Int+9} (Okawaru gifted it to you on level 15 of the Dungeon)
 19875 | Lair:1   | Entered Level 1 of the Lair of Beasts
 20011 | Lair:1   | Noticed Nergalle
 20019 | Lair:1   | Killed Nergalle
 20308 | Lair:1   | Received a gift from Okawaru
 21070 | Lair:2   | Reached skill level 15 in Shields
 21616 | Lair:2   | You fall through a shaft for 2 floors!
 21616 | Lair:4   | Found a hole to the Spider Nest.
 21648 | Lair:4   | Found a frozen archway.
 21733 | Lair:4   | Noticed Rupert
 21736 | Lair:4   | Found a staircase to the Swamp.
 21754 | Lair:4   | Killed Rupert
 21754 | Lair:4   | Reached skill level 16 in Long Blades
 22994 | Lair:3   | Received a gift from Okawaru
 22998 | Lair:3   | Got a slimy scale mail {god gift}
 23009 | Lair:3   | Identified the +0 scale mail of Birdsong {rPois rC+ MP+9} (Okawaru gifted it to you on level 3 of the Lair of Beasts)
 23310 | Lair:2   | You fall through a shaft for 2 floors!
 23329 | Lair:4   | Reached XP level 15. HP: 136/136 MP: 15/15
 23557 | Lair:6   | Found a deep blue altar of Sif Muna.
 24198 | Lair:5   | Noticed Josephine
 24210 | Lair:5   | Killed Josephine
 25559 | Lair:7   | Noticed Maud
 25570 | Lair:7   | Killed Maud
 25591 | Lair:7   | Found a burning altar of Makhleb.
 25909 | Lair:8   | Entered Level 8 of the Lair of Beasts
 26108 | Lair:8   | Reached skill level 17 in Long Blades
 26434 | Lair:8   | Received a gift from Okawaru
 26437 | Lair:8   | Got an encrusted long sword {god gift}
 26438 | Lair:8   | Identified the +3 long sword of Gapioss {slice, rF- rC++ Dex+5} (Okawaru gifted it to you on level 8 of the Lair of Beasts)
 26597 | Lair:8   | Found a viscous altar of Jiyva.
 26597 | Lair:8   | Found a staircase to the Slime Pits.
 26768 | Lair:8   | HP: 6/138 [eight-headed hydra (2)]
 26770 | Lair:8   | HP: 1/138 [eight-headed hydra (5)]
 26771 | Lair:8   | Slain by an eight-headed hydra

Action                   |  1- 3 |  4- 6 |  7- 9 | 10-12 | 13-15 || total
-------------------------+-------+-------+-------+-------+-------++-------
Melee: Long sword        |    78 |   137 |   367 |       |    26 ||   608
       Staff             |     4 |       |       |       |       ||     4
       Scimitar          |       |       |       |   641 |       ||   641
       Demon blade       |       |       |       |    80 |       ||    80
       Double sword      |       |       |       |    27 |  1456 ||  1483
       Dagger            |       |       |       |     6 |     8 ||    14
Invok: Heroism           |       |       |       |     2 |     4 ||     6
       Finesse           |       |       |       |     1 |       ||     1
Evoke: Wand              |       |       |       |       |     3 ||     3
  Use: Scroll            |       |       |    17 |     3 |    24 ||    44
       Potion            |       |       |     2 |     1 |     1 ||     4
  Eat: Chunk             |       |     6 |    14 |    16 |    37 ||    73
       Pizza             |       |       |     1 |     2 |       ||     3
       Fruit             |       |       |       |     1 |       ||     1
       Beef jerky        |       |       |       |       |     5 ||     5
